 Dungeon Crawl Stone Soup version 0.31-a0-691-g409c26aa35 (webtiles) character file.

Game seed: 4941076191007819193

107 cforsyth the Trooper (level 4, -11/37 HPs)
             Began as a Demonspawn Chaos Knight on Sept 6, 2023.
             Was a Plaything of Xom.
             Mangled by Crazy Yiuf
             ... wielding a +4 quarterstaff of chaos
              (19 damage)
             ... on level 2 of the Dungeon.
             The game lasted 00:03:23 (1136 turns).

cforsyth the Trooper (Demonspawn Chaos Knight)      Turns: 1136, Time: 00:03:24

Health: -11/37     AC:  5    Str: 12      XL:     4   Next: 57%
Magic:  13/13      EV: 11    Int: 17      God:    Xom [....*.]
Gold:   84         SH:  0    Dex: 14 (15) Spells: 3/3 levels left

rFire   + . .        a - +0 falchion (flame)
rCold   + . .        (no shield)
rNeg    . . .        b - +2 leather armour
rPois   +            (no helmet)
rElec   +            (no cloak)
rCorr   +            (no gloves)
SInv    .            (no boots)
Will    .....        i - amulet of regeneration
Stlth   +            j - ring of magical power
HPRegen 1.06/turn    (no ring)
MPRegen 0.13/turn

%: no passive effects
@: resistant
A: big brain 2
a: Renounce Religion


You were on level 2 of the Dungeon.
You worshipped Xom.
You were a beloved toy of Xom.
You visited 1 branch of the dungeon, and saw 2 of its levels.

You collected 84 gold pieces.

Inventory:

Hand Weapons
 a - a +0 falchion of flaming (weapon)
Armour
 b - a +2 leather armour (worn)
Jewellery
 i - an amulet of regeneration (around neck)
 j - a ring of magical power (left hand)
 l - an amulet of guardian spirit
Scrolls
 c - a scroll of fear {unknown}
Potions
 d - a potion of mutation {unknown}
 e - a potion of curing {unknown}
 g - a potion of magic {unknown}
 h - a potion of heal wounds {unknown}
 k - a potion of might {unknown}


   Skills:
 + Level 4.0 Fighting
 + Level 3.5 Long Blades
 + Level 2.9 Armour
 - Level 0.8 Dodging


You had 3 spell levels left.
You didn't know any spells.
Your spell library contained the following spells:

 Spells                   Type           Power      Damage    Failure   Level
 Freeze                   Ice            0%         1d3       30%         1
 Frozen Ramparts          Ice            0%         1d1       65%         3
 Hailstorm                Conj/Ice       0%         3d3       65%         3


Dungeon Overview and Level Annotations

Branches:
Dungeon (2/15)

Altars:

Annotations:
D:2 Crazy Yiuf


Innate Abilities, Weirdness & Mutations

You have an extremely huge brain. (Int +4)


Message History

Item here: a transparent hammer.
The floor.
Unknown command.
You open the door. You barely miss Crazy Yiuf. Crazy Yiuf barely misses you.
You hit Crazy Yiuf but do no damage.
Crazy Yiuf seems to grow stronger.
Crazy Yiuf closely misses you.
Crazy Yiuf hits you with a +4 quarterstaff of chaos!!
Ouch! That really hurt!
Crazy Yiuf burns you.
You are too injured to fight recklessly!
You are too injured to fight recklessly!
You are too injured to fight recklessly!
You are too injured to fight recklessly!
You are too injured to fight recklessly!
You are too injured to fight recklessly!
You are too injured to fight recklessly!
You are too injured to fight recklessly!
You are too injured to fight recklessly!
You closely miss Crazy Yiuf.
Crazy Yiuf whimpers, "Hah disdain eyeball!"
Crazy Yiuf hits you with a +4 quarterstaff of chaos!
* * * LOW HITPOINT WARNING * * *
You feel protected.
Xom is amused.
You hit Crazy Yiuf.
Nothing appears to happen.
Crazy Yiuf is moderately wounded.
Crazy Yiuf barely misses you.
Press: ? - help, v - describe, . - travel
Here: Crazy Yiuf, wielding a +4 quarterstaff of chaos and wearing a +0 cloak (moderately wounded, strong)
An open translucent door.
Unknown command.
As you read the scroll labelled LUITOH QIREI, it crumbles to dust.
It is a scroll of brand weapon.
Your +0 falchion of chaos is engulfed in flames!
a - a +0 falchion of flaming (weapon)
Crazy Yiuf hits you with a +4 quarterstaff of chaos!!
Ouch! That really hurt!
You die...
Xom howls with laughter!

#.####+..+#
#.# #....#
##.# #PP#.#
#..# ##PP)#
#.## ##)##
#.# ##)# #.#
#)##
########.##
##)#
#.........#
#@##
####..#####
#g#
##########
##.### )))
###........#
#...## #)))#
#..........#
###..# #).)#
##.........#
##.## #####
#####..####
#.<# #..#
##.####
#..####
#.#>.##
#......


You could see Crazy Yiuf (strong).

Vanquished Creatures
  Jessica (D:2)
  A gnoll (D:1)
  3 adders (D:2)
  A worm (D:2)
  3 dart slugs (D:1)
  3 ball pythons (D:1)
  3 bats (D:2)
  5 endoplasms
  A giant cockroach (D:1)
  6 goblins (D:1)
  4 hobgoblins
  3 jackals (D:1)
  2 frilled lizards (D:1)
  2 kobolds (D:1)
  2 rats (D:1)
40 creatures vanquished.

Vanquished Creatures (collateral kills)
  A giant cockroach (D:2)
  A hobgoblin (D:2)
2 creatures vanquished.

Grand Total: 42 creatures vanquished

Notes
Turn   | Place    | Note
-------+----------+-------------------------------------------
     0 | D:1      | cforsyth the Demonspawn Chaos Knight began the quest for
                  | the Orb.
     0 | D:1      | Reached XP level 1. HP: 18/18 MP: 1/1
   137 | D:1      | Gained mutation: You have an unusually large brain. (Int
                  | +2) [demonic ancestry]
   137 | D:1      | Reached XP level 2. HP: 5/24 MP: 2/2
   145 | D:1      | XOM: potion effect (curing)
   228 | D:1      | XOM: silly message
   309 | D:1      | Gained mutation: You have an extremely huge brain. (Int +4)
                  | [demonic ancestry]
   309 | D:1      | Reached XP level 3. HP: 24/29 MP: 3/3
   428 | D:1      | XOM: god gift: leather armour {god gift}
   570 | D:2      | Noticed Jessica
   583 | D:2      | Killed Jessica
   584 | D:2      | Reached XP level 4. HP: 11/37 MP: 4/4
   689 | D:2      | XOM: cloud trail
   881 | D:2      | XOM: noise
   886 | D:2      | XOM: summons 2 hostile demons
   966 | D:2      | Reached skill level 4 in Fighting
  1008 | D:2      | XOM: divination: detect items
  1127 | D:2      | Found a runed translucent door.
  1128 | D:2      | Noticed Crazy Yiuf
  1136 | D:2      | Mangled by Crazy Yiuf

Illustrated notes

Levels and vault maps discovered:
D:1:      dpeg_arrival_pond, layout_rooms
D:2:      layout_rooms, uniq_crazy_yiuf_cottage, uniq_jessica

Skill      XL: |  1  2  3  4 |
---------------+-------------+-----
Armour         | 2 |  2.9
Long Blades    | 3 |  3.5
Fighting       | 4 |  4.0
Dodging        | |  0.8

Action                     |  1- 3 |  4- 6 || total
---------------------------+-------+-------++-------
  Melee: Falchion          |    79 |    47 ||   126
         Punch             |     1 |       ||     1
    Use: Scroll            |     1 |     2 ||     3
   Stab: Petrified         |     1 |       ||     1
 Armour: Leather armour    |    55 |    68 ||   123
  Dodge: Dodged            |    54 |    40 ||    94

Table legend: (Time is in decaauts)
 A = Elapsed time spent in this place.
 B = Non-inter-level travel time spent in this place.
 C = Inter-level travel time spent in this place.
 D = Time resting spent in this place.
 E = Time spent auto-exploring this place.
 F = Levels seen in this place.
 G = Mean time per level.
                   A        B        C        D        E       F      G
               +--------+--------+--------+--------+--------+-----+--------+
         Total |   1155 |   1114 |     41 |     19 |    778 |   2 |  577.5 |
       Dungeon |   1155 |   1114 |     41 |     19 |    778 |   2 |  577.5 |
               +--------+--------+--------+--------+--------+-----+--------+

Top non-repeatable levels by time:
     D:1: 589 daAuts
     D:2: 566 daAuts
